[Event "Bijnor Open 2024"]
[Site "Bijnor"]
[Date "2024.03.18"]
[Round "3.8"]
[White "Balkishan, A.."]
[Black "Mahendran, T.."]
[Result "1-0"]
[ECO "D15"]
[WhiteElo "2108"]
[BlackElo "1681"]
[Annotator "RC"]
[PlyCount "87"]
[EventDate "2024.03.17"]
[EventCountry "IND"]
[SourceTitle "playchess.com"]
[Source "ChessBase"]
[SourceQuality "1"]
[TimeControl "5400+30"]

1. c4 c6 2. Nc3 Nf6 3. d4 d5 4. Nf3 h6 5. Bf4 e6 6. e3 Bd6 7. Ne5 dxc4 8. Bxc4 b5 9. Bd3 Bb7 10. O-O Qe7 11. Rc1 Nbd7 12. Qf3 Bxe5 13. dxe5 Nd5 14. Ne4 O-O 15. Nd6 N7b6 16. Rfd1 Rad8 17. Bb1 f5 18. e4 fxe4 19. Qxe4 g5 20. Qg6+ Qg7 21. Qxe6+ Kh8 22. Bg3 Bc8 23. Nxc8 Nxc8 24. Rxc6 Nf4 25. Qxh6+ Qxh6 26. Rxh6+ Kg7 27. Rh7+ Kg8 28. Rdd7 Ne6 29. Bc2 Nb6 30. Rxd8 Rxd8 31. h4 Rd2 32. Be4 Re2 33. Bd3 Rd2 34. Rxa7 Rxd3 35. Ra6 gxh4 36. Bxh4 Nc4 37. Rxe6 Nxb2 38. Rb6 Rd5 39. e6 Re5 40. Bf6 Re1+ 41. Kh2 Nc4 42. Rb8+ Kh7 43. e7 Nd6 44. Rd8 1-0

[Event "Bijnor Open 2024"]
[Site "Bijnor"]
[Date "2024.03.18"]
[Round "3.9"]
[White "Singh, Arvinder Preet"]
[Black "Srivardhan Reddy Devareddy"]
[Result "1-0"]
[ECO "C11"]
[WhiteElo "2030"]
[BlackElo "1662"]
[Annotator "RC"]
[PlyCount "45"]
[EventDate "2024.03.17"]
[EventCountry "IND"]
[SourceTitle "playchess.com"]
[Source "ChessBase"]
[SourceQuality "1"]
[TimeControl "5400+30"]

1. e4 e6 2. d4 d5 3. Nc3 Nf6 4. e5 Nfd7 5. f4 c5 6. Nf3 Nc6 7. Ne2 Be7 8. c3 O-O 9. a3 f6 10. b4 cxd4 11. cxd4 fxe5 12. fxe5 Nb6 13. Neg1 Bd7 14. Bd3 Rc8 15. h4 Nb8 16. Bxh7+ Kxh7 17. Ng5+ Kg8 18. Qh5 Bxg5 19. hxg5 Qc7 20. Qh8+ Kf7 21. g6+ Ke7 22. Bg5+ Rf6 23. Qxg7+ 1-0

[Event "Bijnor Open 2024"]
[Site "Bijnor"]
[Date "2024.03.18"]
[Round "3.10"]
[White "Shubh Singh Saini"]
[Black "Ram Prakash, R."]
[Result "1/2-1/2"]
[ECO "A00"]
[WhiteElo "1683"]
[BlackElo "2191"]
[Annotator "RC"]
[PlyCount "157"]
[EventDate "2024.03.17"]
[EventCountry "IND"]
[SourceTitle "playchess.com"]
[Source "ChessBase"]
[SourceQuality "1"]
[TimeControl "5400+30"]

1. e4 c6 2. d3 d5 3. Nd2 e5 4. Ngf3 Nd7 5. g3 Bc5 6. Bg2 Ngf6 7. O-O O-O 8. c3 dxe4 9. dxe4 Re8 10. b4 Bf8 11. a3 a5 12. Bb2 Qc7 13. Qc2 b6 14. Rfd1 Bb7 15. Rac1 Rad8 16. h3 g6 17. Nh2 Bh6 18. Rb1 Nf8 19. Nhf1 Ba6 20. c4 Nh5 21. Bc3 axb4 22. axb4 Ne6 23. Qb2 Nd4 24. Re1 Bc8 25. c5 b5 26. Nb3 Nxb3 27. Qxb3 Be6 28. Qb2 f6 29. Ra1 Ra8 30. Ra3 Qd7 31. Kh2 Rxa3 32. Qxa3 Qd3 33. Ne3 Qd7 34. Rd1 Qc8 35. Qa5 Bf8 36. Qb6 Bb3 37. Rd2 Be7 38. Qa7 Be6 39. Rd1 Bd8 40. Qa3 Ng7 41. Qb2 Bc7 42. Nc2 Rd8 43. Qb1 Rd7 44. Ne3 h5 45. Bf1 Bf7 46. f3 Ne6 47. h4 Kf8 48. Bh3 Ke7 49. Rxd7+ Qxd7 50. Qd1 Qe8 51. Qa1 Qb8 52. Qa6 Nd4 53. Kg2 Be8 54. Qc8 Qxc8 55. Bxc8 Ne6 56. Nc2 Bf7 57. Bd2 Kd8 58. Bxe6 Bxe6 59. Bh6 Ke7 60. Bd2 Bb3 61. Ne3 Ke6 62. g4 hxg4 63. fxg4 Kf7 64. Kg3 Be6 65. h5 gxh5 66. gxh5 Bd8 67. Nf5 Bxf5 68. exf5 Kg7 69. Kg4 Kh7 70. h6 Be7 71. Be3 Bd8 72. Bd2 Bc7 73. Kf3 Kg8 74. Be3 Bd8 75. Bd2 Kh8 76. Bc1 Kh7 77. Kg4 Be7 78. Be3 Bd8 79. Bd2 1/2-1/2

[Event "Bijnor Open 2024"]
[Site "Bijnor"]
[Date "2024.03.18"]
[Round "4.1"]
[White "Srihari L R"]
[Black "Arnav Agrawal"]
[Result "1-0"]
[ECO "E63"]
[WhiteElo "2490"]
[BlackElo "1843"]
[Annotator "TA"]
[PlyCount "77"]
[EventDate "2024.03.17"]
[EventCountry "IND"]
[SourceTitle "playchess.com"]
[Source "ChessBase"]
[SourceQuality "1"]
[TimeControl "5400+30"]

1. c4 g6 2. Nf3 Bg7 3. Nc3 Nf6 4. g3 O-O 5. Bg2 d6 6. d4 Nc6 7. O-O a6 8. b3 Rb8 9. d5 Na5 10. Bg5 c5 11. dxc6 Nxc6 {[%emt 0:01:07] White is slightly better.} 12. Rc1 Bg4 13. h3 Be6 14. e4 Nd7 15. Be3 Nc5 16. Nd4 Bd7 17. Qd2 Qa5 18. Nxc6 bxc6 19. Kh2 Ne6 20. f4 f5 {[%emt 0:04:24] [#]} 21. e5 $1 Rfd8 22. exd6 exd6 23. Rfd1 c5 (23... Be8 $142) 24. Ne2 Qxd2 25. Rxd2 Bc8 26. Rcd1 Bf8 27. g4 {[%emt 0:04:25] White is more active.} Kf7 (27... Re8 $16) 28. Ng3 Kf6 29. gxf5 gxf5 30. Rd5 Bh6 $2 {[%emt 0:01:59] [#] Loses the game.} (30... Nd4 $16 {is tougher.} 31. Bxd4+ cxd4 32. R5xd4 (32. R1xd4 Re8 $18) 32... a5) 31. Rxf5+ $18 Kg7 32. Nh5+ Kh8 33. Rf6 Bg7 34. Nxg7 Kxg7 35. Rf5 Bb7 36. Bd5 Bxd5 37. Rfxd5 (37. cxd5 Kg6 $11) (37. Rdxd5 a5 38. Bd2 Nd4 $18) 37... Rb6 (37... a5 {keeps fighting.} 38. f5 (38. Rxd6 a4 $18) 38... Nd4 39. Bxd4+ cxd4 40. Rxa5 (40. R1xd4 a4 $18) 40... Ra8) 38. f5 Nc7 39. Rxc5 {[%emt 0:00:08] Weighted Error Value: White=0.17 (very precise) /Black=0.42.  Loses game:     	---       	Black=1      Mistake:       	---       	Black=3      Inaccurate:     	White=2     	Black=2      OK:         	White=12    	Black=9      Best:        	White=1     	---} 1-0

[Event "Bijnor Open 2024"]
[Site "Bijnor"]
[Date "2024.03.18"]
[Round "4.2"]
[White "Mishra Kamad"]
[Black "Neelash Saha"]
[Result "0-1"]
[ECO "A45"]
[WhiteElo "1812"]
[BlackElo "2463"]
[Annotator "TA"]
[PlyCount "82"]
[EventDate "2024.03.17"]
[EventCountry "IND"]
[SourceTitle "playchess.com"]
[Source "ChessBase"]
[SourceQuality "1"]
[TimeControl "5400+30"]

1. d4 Nf6 2. Bg5 c5 3. d5 Ne4 4. h4 Qb6 5. Nd2 Nxd2 6. Bxd2 Qxb2 7. e4 Qe5 8. Bd3 {[%emt 0:02:17] Black has an edge.} Qc7 {[%emt 0:00:05] Black is weak on the light squares} 9. c4 e5 10. f4 exf4 11. Nh3 (11. Nf3 $11) 11... Be7 (11... d6 $1 $17) 12. Nxf4 (12. Bc3 $11 {keeps the balance.} Bxh4+ 13. Nf2) 12... Bf6 $1 $17 13. O-O Bd4+ 14. Kh1 d6 15. Rb1 (15. e5 $1 $15 Bxe5 16. Ne6 Bxe6 (16... fxe6 $2 {perishes.} 17. Qh5+ Kd8 18. Bg5+ $18) 17. dxe6) 15... Qe7 $1 16. Qe1 {[%emt 0:08:07] [#]} Nd7 $1 17. Qg3 Be5 18. Qe1 O-O 19. g3 Nf6 20. Kg2 Re8 21. Qc1 b6 22. Qc2 Bg4 23. Rbe1 Qd7 24. Kh2 Re7 25. Ng2 Bh3 {[%emt 0:01:29][%cal Oe5g3] White must now prevent ...Bxg3+!} 26. Rf3 Ng4+ 27. Kh1 Bd4 28. Ne3 Rae8 29. Nf5 Nf2+ 30. Kh2 Bxf5 31. Rxf5 g6 (31... Ng4+ $142 32. Kg2 Qxf5 33. exf5 Rxe1) 32. Rxf2 $19 Bxf2 33. Rf1 Bd4 34. Bg5 {[%emt 0:00:44] [#]} f6 $1 35. Bxf6 (35. Bf4 Be5) 35... Bxf6 36. Rxf6 Rf7 37. Rxf7 Qxf7 38. Kg2 {[%emt 0:00:27] Prevents Qf3+} Qf6 39. Be2 $2 (39. Qe2 {was called for.}) 39... Rf8 {[%emt 0:00:11] Strongly threatening ...Qf2+. Black is clearly winning.} 40. Qd2 (40. Qd3 $142) 40... Qf2+ 41. Kh3 Rf3 {[%emt 0:00:38] Weighted Error Value: White=0.51/Black=0.14 (very precise) .  Mistake:       	White=5     	Black=2      Inaccurate:     	White=2     	Black=2      OK:         	White=5     	Black=19     Best:        	White=4     	Black=3      Strong:       	---       	Black=1      Brilliant:      	---       	Black=1} 0-1

[Event "Bijnor Open 2024"]
[Site "Bijnor"]
[Date "2024.03.18"]
[Round "4.3"]
[White "Laxman, R.R."]
[Black "Shreyash Singh"]
[Result "1/2-1/2"]
[ECO "E06"]
[WhiteElo "2331"]
[BlackElo "1807"]
[Annotator "TA"]
[PlyCount "62"]
[EventDate "2024.03.17"]
[EventCountry "IND"]
[SourceTitle "playchess.com"]
[Source "ChessBase"]
[SourceQuality "1"]
[TimeControl "5400+30"]

1. d4 Nf6 2. c4 e6 3. g3 d5 4. Nf3 Be7 5. Bg2 O-O 6. O-O c6 7. Nbd2 b6 8. Qc2 Bb7 9. e4 Na6 10. e5 Nd7 11. a3 Nc7 12. Rd1 dxc4 (12... c5 $11) 13. Nxc4 $14 {[%emt 0:01:00] White is slightly better.} Nd5 14. b4 a5 15. bxa5 bxa5 (15... b5 $11 16. Nd6 (16. Rb1 Qb8 $14) 16... Bxd6) 16. h4 h6 {[%emt 0:00:44] Wards off Ng5} 17. Bd2 a4 18. Qe4 c5 19. Qg4 Kh7 20. Rab1 Ba6 {[%emt 0:07:36] [#]} (20... Rb8 $1 $14) 21. Bf1 {[%emt 0:00:17] White is more active.} ({White should play} 21. Ne3 $1 $16) 21... g6 22. h5 {[%emt 0:00:29] hxg6+ is the strong threat.} g5 23. Qe4+ (23. dxc5 {simplifies} Nxc5 24. Ba5 Qe8 25. Bb4) 23... Kg7 $1 24. Ne3 Bxf1 25. Rxf1 ({Don't play} 25. Kxf1 Nxe3+ 26. Bxe3 Qa5 $16) (25. Kxf1 {is more complex.} Nxe3+ 26. Bxe3 Rb8 27. Rbc1) 25... Nxe3 26. fxe3 cxd4 27. exd4 Nb6 28. Bb4 (28. Qd3 $11 {keeps the balance.}) 28... Nd5 $17 {[%emt 0:00:37] Black is clearly better.} 29. Bxe7 (29. Bd2 $17) 29... Qxe7 $19 30. Qd3 Rac8 31. Rfc1 {Prevents Rc3.} Rxc1+ {[%emt 0:00:30] Weighted Error Value: White=0.30/Black=0.15 (very precise) .  Mistake:       	White=3     	Black=3      Inaccurate:     	White=4     	Black=2      OK:         	White=6     	Black=10     Best:        	---       	Black=1      Strong:       	---       	Black=1} 1/2-1/2

[Event "Bijnor Open 2024"]
[Site "Bijnor"]
[Date "2024.03.18"]
[Round "4.4"]
[White "Vatsal Singla"]
[Black "Vrashank Chouhan"]
[Result "1-0"]
[ECO "C01"]
[WhiteElo "1795"]
[BlackElo "2330"]
[Annotator "TA"]
[PlyCount "83"]
[EventDate "2024.03.17"]
[EventCountry "IND"]
[SourceTitle "playchess.com"]
[Source "ChessBase"]
[SourceQuality "1"]
[TimeControl "5400+30"]

1. e4 e6 2. d4 d5 3. Nc3 Bb4 4. exd5 exd5 5. Bd3 Ne7 6. Qh5 Be6 7. Nge2 (7. Bxh7 $2 Bf5 $19) 7... Nbc6 8. h3 (8. Bxh7 $2 Bf5 9. Qg5 Rxh7 $19 (9... Bxh7 $2 10. Qxg7 Kd7 11. f3 $19)) 8... Qd7 {[%emt 0:05:26] The position is equal.} 9. a3 Ba5 10. g4 (10. O-O $11) 10... Bxc3+ $17 11. bxc3 O-O-O 12. a4 h6 13. f4 g6 14. Qh4 {[%emt 0:00:19] [#]} g5 15. Qf2 $11 {[%emt 0:12:57] f5 would now be deadly.} (15. fxg5 hxg5 16. Qxg5 Bxg4 $17) 15... f5 16. fxg5 hxg5 17. Bxg5 {[%emt 0:03:57] Strongly threatening Bf6.} fxg4 18. h4 Rdf8 19. Nf4 Bf5 20. Qg2 Be4 21. Bxe4 dxe4 22. Rg1 Nd5 23. Ng6 Nxc3 {[%emt 0:15:20][%cal Oc6d4] And now ...Nxd4! would win.} 24. Qxg4 Rf5 $1 25. d5 {[%emt 0:04:00] [#] Really sharp!} Nd4 26. Ne7+ $16 Kb8 27. Nxf5 Nxf5 {[%emt 0:00:52][%mdl 8192] A dynamic duo of knights.} (27... Nxc2+ $16 28. Kd2 Nxa1) 28. Bf6 Rf8 29. Qg8 Qe8 $2 (29... Qxd5 30. Qxf8+) (29... Qd6 $1 $11 {and Black is okay.} 30. Bxc3 Qc5) 30. Qg6 $18 Qxg6 31. Rxg6 Nxd5 32. Bg5 {[%emt 0:00:47] aiming for 0-0-0.} Nd4 33. O-O-O Nc3 $2 (33... c5 {keeps fighting.}) 34. Re1 {[%emt 0:00:46] Threatens to win with h5.} (34. Rxd4 Ne2+ 35. Kb2 Nxd4 $18) 34... b6 35. Bf6 c5 (35... Nde2+ 36. Kd2 e3+ 37. Kxe3 Nd5+ 38. Kd2 (38. Kxe2 Nf4+ 39. Kd1 Nxg6 $14) 38... Nef4 (38... Rxf6 $2 {loses.} 39. Rxf6 Nxf6 40. Rxe2 $18)) 36. h5 Kc8 37. Bxd4 cxd4 38. h6 {[%emt 0:00:15] Hoping for h7.} Kd7 39. h7 d3 40. cxd3 {[%emt 0:01:31] Black must now prevent Rg8.} exd3 41. Kd2 {[%emt 0:00:09][%csl LRc3,LRd3] White threatens Rg8 and mate.} Ne2 42. Rg8 {[%emt 0:00:26] Weighted Error Value: White=0.36/Black=0.78.  Loses game:     	---       	Black=2      Missed win:     	White=1     	---        Mistake:       	White=1     	Black=4      Inaccurate:     	White=4     	Black=2      OK:         	White=11    	Black=9      Best:        	White=4     	Black=2      Strong:       	---       	Black=1} ({Inferior is} 42. Kxd3 Nf4+ 43. Kc4 Nxg6 $17) 1-0

[Event "Bijnor Open 2024"]
[Site "Bijnor"]
[Date "2024.03.18"]
[Round "4.5"]
[White "Sai Agni Jeevitesh, J."]
[Black "Sparsh Yadav"]
[Result "1/2-1/2"]
[ECO "D05"]
[WhiteElo "2285"]
[BlackElo "1775"]
[Annotator "TA"]
[PlyCount "68"]
[EventDate "2024.03.17"]
[EventCountry "IND"]
[SourceTitle "playchess.com"]
[Source "ChessBase"]
[SourceQuality "1"]
[TimeControl "5400+30"]

1. d4 Nf6 2. Nf3 e6 3. e3 c5 4. Bd3 Nc6 5. O-O d5 6. b3 Be7 7. Bb2 O-O 8. Nbd2 cxd4 9. exd4 Bd7 10. a3 Bd6 {[%emt 0:00:48] Weiß hat minimalen Vorteil.} 11. Ne5 Ne7 12. f4 Bc6 13. Qf3 Ng6 14. Rae1 Re8 (14... Qc7 $14) 15. g4 ({Vorzuziehen ist} 15. Qe3 $16) 15... Qc7 16. g5 Nd7 17. h4 Ndf8 (17... Nxh4 $2 {verliert.} 18. Bxh7+ Kxh7 19. Qh5+ Kg8 20. Qxf7+ (20. Qxh4 Nf8 $16) 20... Kh8 21. Qh5+ Kg8 22. Qxh4 $18) ({Günstiger ist} 17... f5) 18. h5 $16 Ne7 19. Qg4 {[%emt 0:07:42] Weiß hat aktiveres Spiel.} g6 {[%emt 0:03:08] [#]} (19... Nf5 $16 20. Ndf3 g6) 20. hxg6 (20. Ndf3 $1 $18) 20... fxg6 21. Re2 Nf5 22. Rfe1 Re7 23. Ndf3 Rae8 24. Qh3 Bxe5 25. Nxe5 Nd7 26. a4 {[%emt 0:11:45][%cal Oe5g6] [#] Droht Nxg6! und aus.} Nxe5 27. Rxe5 ({Ein No Go ist} 27. dxe5 Qb6+ 28. Rf2 d4 $15) 27... Qd6 (27... Rf7 $11 {bleibt in der Remisbreite.}) 28. c3 (28. Bxf5 $16 exf5 29. Qe3) 28... Bd7 $11 29. Qf3 Rf7 30. Ra1 Ng7 31. Rf1 Ref8 (31... Qb6 $5 32. Bc2 Bxa4 $15) 32. Bc1 {[%emt 0:00:44] Die Stellung ist ausgeglichen.} a6 33. Rf2 b5 34. axb5 axb5 {[%emt 0:02:33] Weiß hat ein paar 100-prozentige Torchancen vergeben.   Gewichteter Fehlerwert: Weiß=0.22 (präzise) /Schwarz=0.19 (sehr präzise) .  Fehler:       	Weiß=3     	Schwarz=4     Ungenau:       	Weiß=4     	Schwarz=3     OK:         	Weiß=6     	Schwarz=6     Bester:       	---       	Schwarz=1} 1/2-1/2

[Event "Bijnor Open 2024"]
[Site "Bijnor"]
[Date "2024.03.18"]
[Round "4.6"]
[White "Mahindrakar Indrajeet"]
[Black "Shaurya Prabhakar"]
[Result "1/2-1/2"]
[ECO "D00"]
[WhiteElo "2136"]
[BlackElo "1731"]
[Annotator "RC"]
[PlyCount "73"]
[EventDate "2024.03.17"]
[EventCountry "IND"]
[SourceTitle "playchess.com"]
[Source "ChessBase"]
[SourceQuality "1"]
[TimeControl "5400+30"]

1. d4 d5 2. Bg5 Nf6 3. Bxf6 exf6 4. e3 Be7 5. g3 Nd7 6. Bg2 c6 7. Ne2 f5 8. O-O Nf6 9. Nd2 O-O 10. c4 Be6 11. Nf4 Ne4 12. cxd5 Bxd5 13. Nxd5 cxd5 14. Nxe4 fxe4 15. Qb3 Qd7 16. f3 exf3 17. Rxf3 Rae8 18. Rc1 b6 19. Rf2 Bg5 20. Rc3 Rd8 21. h4 Bh6 22. Kh2 Rfe8 23. Rfc2 Qe6 24. Rf2 Bxe3 25. Rf1 Bxd4 26. Rc7 Rd7 27. Rxd7 Qxd7 28. Qxd5 Qxd5 29. Bxd5 Re2+ 30. Kh3 Rf2 31. Rxf2 Bxf2 32. Kg2 Bd4 33. b3 Kf8 34. Kf3 Ke7 35. a4 a5 36. g4 h6 37. Ke4 1/2-1/2

[Event "Bijnor Open 2024"]
[Site "Bijnor"]
[Date "2024.03.18"]
[Round "4.7"]
[White "Amartya Kumar"]
[Black "Balkishan, A.."]
[Result "0-1"]
[ECO "B22"]
[WhiteElo "1734"]
[BlackElo "2108"]
[Annotator "RC"]
[PlyCount "62"]
[EventDate "2024.03.17"]
[EventCountry "IND"]
[SourceTitle "playchess.com"]
[Source "ChessBase"]
[SourceQuality "1"]
[TimeControl "5400+30"]

1. e4 c5 2. Nf3 e6 3. c3 d5 4. exd5 exd5 5. d4 Nf6 6. Bb5+ Bd7 7. Bxd7+ Nbxd7 8. O-O Be7 9. dxc5 Nxc5 10. Be3 O-O 11. Nbd2 Ne6 12. Nb3 Bd6 13. Qd3 Qc7 14. h3 Rfe8 15. Nbd4 Nc5 16. Qf5 a6 17. Bg5 Nce4 18. Bxf6 Nxf6 19. Rfe1 Re4 20. Rxe4 dxe4 21. Ng5 Qe7 22. Re1 g6 23. Qa5 h6 24. Nxe4 Nxe4 25. f3 Qg5 26. Qb6 Bg3 27. h4 Qd2 28. Rf1 Qe3+ 29. Kh1 Nf2+ 30. Rxf2 Qe1+ 31. Rf1 Qxf1# 0-1

[Event "Bijnor Open 2024"]
[Site "Bijnor"]
[Date "2024.03.18"]
[Round "4.8"]
[White "Sanyam Srivastava"]
[Black "Singh, Arvinder Preet"]
[Result "0-1"]
[ECO "B26"]
[WhiteElo "1686"]
[BlackElo "2030"]
[Annotator "RC"]
[PlyCount "100"]
[EventDate "2024.03.17"]
[EventCountry "IND"]
[SourceTitle "playchess.com"]
[Source "ChessBase"]
[SourceQuality "1"]
[TimeControl "5400+30"]

1. e4 c5 2. Nc3 Nc6 3. g3 g6 4. Bg2 Bg7 5. d3 d6 6. Be3 e6 7. Qd2 Rb8 8. Nge2 Nd4 9. O-O Ne7 10. f4 O-O 11. Nd1 b5 12. Nc1 b4 13. c3 bxc3 14. bxc3 Ndc6 15. Ne2 Qa5 16. g4 f5 17. gxf5 exf5 18. Ng3 Bd7 19. Rc1 Kh8 20. exf5 Nxf5 21. Nxf5 Rxf5 22. Be4 Rff8 23. Bf2 Nd4 24. Bg3 Nf5 25. Rc2 Ba4 26. Rb2 Bxd1 27. Rxb8 Rxb8 28. Qxd1 Ne3 29. Qf3 Nxf1 30. Qxf1 Qxc3 31. f5 Rf8 32. Kh1 Qf6 33. Qe1 gxf5 34. Bd5 f4 35. Bh4 Qa1 36. Qxa1 Bxa1 37. Be7 Re8 38. Bg5 Be5 39. Kg2 Kg7 40. Kf3 h6 41. Bh4 Bf6 42. Bf2 Bd4 43. Bxd4+ cxd4 44. Kxf4 Re3 45. Bc4 Kf6 46. Kg4 Ke5 47. a4 d5 48. Ba6 Kd6 49. h4 Kc7 50. Kh5 Re6 0-1

[Event "Bijnor Open 2024"]
[Site "Bijnor"]
[Date "2024.03.18"]
[Round "4.9"]
[White "Dutta, Joydeep"]
[Black "Shaurya Chaudhary"]
[Result "1-0"]
[ECO "A84"]
[WhiteElo "2041"]
[BlackElo "1731"]
[Annotator "RC"]
[PlyCount "53"]
[EventDate "2024.03.17"]
[EventCountry "IND"]
[SourceTitle "playchess.com"]
[Source "ChessBase"]
[SourceQuality "1"]
[TimeControl "5400+30"]

1. d4 d5 2. c4 c6 3. Nf3 e6 4. e3 f5 5. g4 fxg4 6. Ne5 Nf6 7. Nc3 Bd6 8. Nxg4 Nxg4 9. Qxg4 Qf6 10. Rg1 O-O 11. Qg2 e5 12. cxd5 exd4 13. Ne4 Bb4+ 14. Kd1 Qe5 15. f4 Qh5+ 16. Be2 Qf7 17. a3 dxe3 18. axb4 cxd5 19. Nd6 Qe7 20. Qg5 Qxg5 21. Rxg5 d4 22. Nxc8 Rxc8 23. b5 Rd8 24. Bf3 Rd7 25. Ra4 a6 26. Rd5 d3 27. Bxe3 1-0

[Event "Bijnor Open 2024"]
[Site "Bijnor"]
[Date "2024.03.18"]
[Round "4.10"]
[White "Ram Prakash, R."]
[Black "Shivam Chaudhary"]
[Result "1-0"]
[ECO "C42"]
[WhiteElo "2191"]
[BlackElo "1701"]
[Annotator "RC"]
[PlyCount "93"]
[EventDate "2024.03.17"]
[EventCountry "IND"]
[SourceTitle "playchess.com"]
[Source "ChessBase"]
[SourceQuality "1"]
[TimeControl "5400+30"]

1. e4 e5 2. Nf3 Nf6 3. Nxe5 d6 4. Nf3 Nxe4 5. Nc3 Nxc3 6. dxc3 Be7 7. Be3 Nd7 8. Be2 O-O 9. Qd2 Nf6 10. O-O-O c5 11. h3 Be6 12. a3 b5 13. Ng5 Bc4 14. Bf3 Rb8 15. Bf4 Qb6 16. Rhe1 Rfe8 17. Ne4 Nxe4 18. Rxe4 Be6 19. Bg4 Bxg4 20. hxg4 Bf8 21. Qd5 Rxe4 22. Qxe4 a5 23. Qd5 Rd8 24. Be3 Rb8 25. b3 Qb7 26. g5 Qxd5 27. Rxd5 f6 28. gxf6 gxf6 29. Kd2 Kf7 30. Kd3 Ke6 31. Ke4 Re8 32. Rh5 Re7 33. g4 Rg7 34. f3 Re7 35. Kd3 Rd7 36. c4 b4 37. a4 d5 38. cxd5+ Rxd5+ 39. Kc4 Rxh5 40. gxh5 Kf5 41. Kb5 Bd6 42. Kxa5 Bf4 43. Bxf4 Kxf4 44. Kb5 Kxf3 45. a5 Ke2 46. a6 f5 47. a7 1-0

[Event "Bijnor Open 2024"]
[Site "Bijnor"]
[Date "2024.03.19"]
[Round "5.1"]
[White "Neelash Saha"]
[Black "Srihari L R"]
[Result "*"]
[ECO "A11"]
[WhiteElo "2463"]
[BlackElo "2490"]
[Annotator "TA"]
[PlyCount "31"]
[EventDate "2024.03.17"]
[EventCountry "IND"]
[SourceTitle "playchess.com"]
[Source "ChessBase"]
[SourceQuality "1"]
[TimeControl "5400+30"]

1. Nf3 d5 2. e3 c6 3. c4 Nf6 4. Qc2 e6 5. b3 Nbd7 6. Bb2 Bd6 7. d4 Qc7 8. Nbd2 {[%emt 0:00:52] The position is equal.} b6 9. Rc1 Bb7 10. a3 a5 11. Bd3 h6 12. O-O O-O 13. Qb1 c5 14. cxd5 exd5 15. Rfd1 Rac8 16. Nf1 {[%emt 0:01:20] Weighted Error Value: White=0.08 (flawless) /Black=0.08 (flawless) .  Inaccurate:     	White=1     	Black=1      OK:         	White=2     	Black=3} *

[Event "Bijnor Open 2024"]
[Site "Bijnor"]
[Date "2024.03.19"]
[Round "5.1"]
[White "Balkishan, A.."]
[Black "Srihari L R"]
[Result "1/2-1/2"]
[ECO "D17"]
[WhiteElo "2108"]
[BlackElo "2490"]
[Annotator "TA"]
[PlyCount "85"]
[EventDate "2024.03.17"]
[EventCountry "IND"]
[SourceTitle "playchess.com"]
[Source "ChessBase"]
[SourceQuality "1"]
[TimeControl "5400+30"]

1. d4 d5 2. c4 c6 3. Nc3 Nf6 4. Nf3 dxc4 5. a4 Bf5 6. Ne5 Nbd7 7. Nxc4 Qc7 8. g3 e5 9. dxe5 Nxe5 10. Bf4 Nfd7 11. Nxe5 Nxe5 12. Bg2 Rd8 13. Qb3 {[%emt 0:00:42] Schwarz sollte Bxe5 verhindern.} Bd6 14. O-O Qb6 15. Qxb6 axb6 16. Rfd1 {[%emt 0:08:04][%cal Od1d6] Und Rxd6! würde nun gewinnen.} f6 17. a5 bxa5 18. Rxa5 O-O 19. Ra7 Bb4 {[%emt 0:00:00] Droht ...Bxc3 und aus.} 20. Rxd8 (20. Rxb7 $2 Bxc3 21. Ra1 (21. Rxd8 $2 Rxd8 22. Bxc6 Nxc6 $19) 21... g5 22. Bxg5 fxg5 $19) 20... Rxd8 21. h3 (21. Rxb7 $2 {geht unter.} Bxc3 22. Bxc6 (22. bxc3 {ist ein Selbstmatt.} Rd1+ 23. Bf1 Bh3 24. Rb8+ Kf7 25. Rb7+ Ke6) 22... Nxc6 $19) 21... Rd7 22. g4 Be6 23. Ra4 Be7 24. Bxe5 fxe5 25. Be4 Kf7 26. Bd3 Rd4 27. Rxd4 (27. Ra7 $11 {hält das Gleichgewicht.}) 27... exd4 $11 {[%emt 0:00:00][%mdl 4096] Endspiel. KBB-KBN} 28. Ne4 h6 29. Kg2 Bd5 30. Kg3 {[%emt 0:00:01] [#]} (30. Kf1 $142) 30... c5 $1 $17 31. f4 (31. Bb1 $17 {ist wohl besser.}) 31... c4 $19 32. Bb1 Ke6 33. h4 b5 34. g5 b4 {[%emt 0:00:00] Droht stark ...c3.} 35. b3 cxb3 36. Nf2 Bd6 37. Kg4 (37. Bd3 $17 {war angesagt.}) 37... h5+ 38. Kxh5 (38. Kg3 $142) 38... Bxf4 {[%emt 0:00:01] Und jetzt ...Be3 wäre schön.} 39. Nd3 {[%emt 0:00:50] [#]} Bg3 (39... Kf5 $1 $19 {( -> ...Bf7+)} 40. Nc5+ d3 41. Bxd3+ Ke5) 40. Nxb4 Bc4 41. Kg4 $1 Be1 (41... Bxe2+ $2 {verliert.} 42. Kxg3 Bh5 43. Nd3 $18) 42. Nd3 Bxd3 43. Bxd3 {[%emt 0:13:37] Gewichteter Fehlerwert: Weiß=0.15 (sehr präzise) /Schwarz=0.22 (präzise) .  Gewinn verpasst:   	---       	Schwarz=1     Fehler:       	Weiß=5     	---        OK:         	Weiß=13    	Schwarz=10    Bester:       	Weiß=1     	Schwarz=2     Stark:        	Weiß=1     	Schwarz=1} 1/2-1/2